 Dungeon Crawl Stone Soup version 0.23.0 (webtiles) character file.

Game seed: 11899077375402035133

5513 Laan the Cleaver (level 10, 0/65 HPs)
             Began as a Gargoyle Fighter on Feb 10, 2019.
             Was a Believer of the Shining One.
             Splashed by Joseph's acid (7 damage)
             ... on level 8 of the Dungeon.
             The game lasted 00:14:25 (5509 turns).

Laan the Cleaver (Gargoyle Fighter)                 Turns: 5509, Time: 00:14:25

Health: 0/65       AC: 15    Str: 30    XL:     10   Next: 70%
Magic:  10/10      EV:  6    Int:  9    God:    the Shining One [**....]
Gold:   336        SH: 12    Dex:  9    Spells: 9/9 levels left

rFire    . . .     SeeInvis .   a - +0 war axe
rCold    . . .     Gourm    .   c - +0 shield
rNeg     + + .     Faith    .   G - +0 plate armour
rPois    ∞         Spirit   .   (no helmet)
rElec    +         Reflect  .   A - +0 cloak
rCorr    +         Harm     .   u - +2 pair of gloves of the Blessed Realm {rCorr}
MR       +....                  s - +0 pair of boots
Stlth    ..........             (no amulet)
HPRegen  0.20/turn              e - +2 ring of strength
MPRegen  0.12/turn              x - ring of protection from magic

@: mighty, corroded, glowing
A: negative energy resistance 1, electricity resistance, unbreathing,
petrification resistance, rot immunity, AC +7
a: Divine Shield, Renounce Religion


You were on level 8 of the Dungeon.
You worshipped the Shining One.
The Shining One was pleased with you.
You were not hungry.

You visited 1 branch of the dungeon, and saw 8 of its levels.

You collected 498 gold pieces.
You spent 162 gold pieces at shops.

Inventory:

Hand Weapons
 a - a +0 war axe (weapon)
Armour
 c - a +0 shield (worn)
 s - a +0 pair of boots (worn)
 u - the +2 pair of gloves of the Blessed Realm (worn) {rCorr}
   (You found it on level 4 of the Dungeon)

   It provides partial protection from all sources of acid and corrosion.
 A - a +0 cloak (worn)
 G - a +0 plate armour (worn)
Jewellery
 e - a +2 ring of strength (left hand)
 x - a ring of protection from magic (right hand)
Wands
 j - a wand of iceblast (8)
 y - a wand of digging (6)
 C - a wand of polymorph (6)
Scrolls
 g - 5 scrolls of teleportation
 i - 4 scrolls of blinking
 l - 4 scrolls of immolation {unknown}
 n - 3 scrolls of fear {unknown}
 o - 7 scrolls of identify
 p - a scroll of amnesia {unknown}
 r - 8 scrolls of magic mapping {unknown}
 v - a scroll of fog {unknown}
 w - 3 scrolls of remove curse
 E - a scroll of random uselessness {unknown}
Potions
 h - 2 potions of lignification {unknown}
 k - 3 potions of haste {unknown}
 m - 5 potions of agility
 q - a potion of berserk rage {unknown}
 t - a potion of invisibility {unknown}
 B - a potion of ambrosia {unknown}
 D - 3 potions of mutation {unknown}
 F - a potion of brilliance {unknown}
Comestibles
 b - 4 chunks of flesh
 f - 15 rations


   Skills:
 + Level 8.4 Fighting
 * Level 9.3 Axes
 + Level 8.4 Armour
 + Level 8.4 Shields


You had 9 spell levels left.
You didn't know any spells.
Your spell library contained the following spells:

 Spells                   Type           Power        Failure   Level  Hunger
 Confusing Touch          Hex            #.....       100%        1    ##.....
 Summon Small Mammal      Summ           #...         100%        1    ##.....
 Call Imp                 Summ           #.......     100%        2    ###....
 Call Canine Familiar     Summ           #.......     100%        3    ####...
 Confuse                  Hex            #.......     100%        3    ####...
 Gell's Gravitas          Tloc           #.........   100%        3    ####...
 Summon Guardian Golem    Hex/Summ       #.......     100%        3    ####...
 Petrify                  Tmut/Erth      #.......     100%        4    #####..
 Summon Ice Beast         Ice/Summ       #.......     100%        4    #####..
 Summon Lightning Spire   Summ/Air       #.......     100%        4    #####..
 Metabolic Englaciation   Hex/Ice        #.........   100%        5    ######.
 Yara's Violent Unravell  Hex/Tmut       #.........   100%        5    ######.


Dungeon Overview and Level Annotations

Branches:
Dungeon (8/15)             Temple (0/1) D:6            Lair (0/6) D:8

Altars:
Ashenzari
Nemelex Xobeh
Ru
Uskayaw
Vehumet
The Shining One

Shops:
D:4 ?   D:8 :

Annotations:
D:6 1 runed translucent door
D:8 Joseph


Innate Abilities, Weirdness & Mutations

You are resistant to torment.
Your stone body is resilient. (AC +7)
You are immune to poison.
You resist negative energy. (rN+)
You are resistant to electric shocks. (rElec)
You can survive without breathing.
You are immune to petrification.
You are immune to rotting.


Message History

You slash Joseph!
Joseph is almost dead.
Joseph zaps a wand.
The bolt of acid hits you. You resist. The acid corrodes you!
You are splashed with acid!
You resist.
* * * LOW HITPOINT WARNING * * *
You closely miss Joseph.
Joseph is almost dead.
Joseph drinks a potion.
Joseph is healed!
You hit Joseph.
Joseph is heavily wounded.
Joseph drinks a potion.
Joseph is healed!
You feel very mighty all of a sudden.
Joseph zaps a wand.
The bolt of acid hits you but does no damage.
The acid corrodes you!
You are splashed with acid.
You resist.
* * * LOW HITPOINT WARNING * * *
You feel better.
Joseph zaps a wand.
The bolt of acid hits you! You resist.
* * * LOW HITPOINT WARNING * * *
The acid corrodes you!
You are splashed with acid!
You resist.
You die...

############
#..........#
#......@...#
#.....@....#
#.....(....#
#..........#
####...<........#
#.....(#......###
?..####.#......#
#.#..○○..# .###
##..☼..○.##
....###....○°..###..
..


You could see Joseph.

Vanquished Creatures
  Harold (D:8)
  The ghost of RaHiT the Slasher, a novice DsCK of Xom (D:6)
  Maurice (D:8)
  Prince Ribbit (D:7)
  A wyvern (D:8)
  Grum (D:8)
  Edmund (D:6)
  2 water moccasins (D:7)
  3 ice beasts
  A sky beast (D:7)
  2 orc warriors
  2 phantoms
  3 centaurs
  2 wolves (D:8)
  3 ogres
  7 bullfrogs
  A scorpion (D:7)
  4 wights (D:6)
  A howler monkey (D:7)
  3 crimson imps
  5 orc priests
  A hound (D:6)
  A jelly (D:8)
  A bullfrog skeleton (D:4)
  3 centaur skeletons
  4 orc wizards
  Crazy Yiuf (D:5)
  4 iguanas
  8 worker ants
  2 hound zombies (D:6)
  7 gnolls
  6 adders
  A river rat (D:6)
  2 shadow imps
  An ooze (D:1)
  2 adder skeletons
  3 dart slugs
  8 leopard geckos
  26 orcs
  8 bats
  8 giant cockroaches
  10 goblins
  11 hobgoblins
  10 jackals
  6 kobolds
  4 quokkas
  6 frilled lizards
  A leopard gecko skeleton (D:5)
  A quokka skeleton (D:6)
  A quokka zombie (D:6)
  12 rats
205 creatures vanquished.

Notes
Turn   | Place    | Note
-------+----------+-------------------------------------------
     0 | D:1      | Laan the Gargoyle Fighter began the quest for the Orb.
     0 | D:1      | Reached XP level 1. HP: 14/14 MP: 1/1
   109 | D:1      | Reached skill level 2 in Axes
   112 | D:1      | Reached XP level 2. HP: 15/19 MP: 2/2
   171 | D:1      | Reached XP level 3. HP: 18/23 MP: 3/3
   737 | D:2      | Found a faded altar of an unknown god.
   747 | D:2      | Reached XP level 4. HP: 29/29 MP: 4/4
  1027 | D:2      | Found a glowing golden altar of the Shining One.
  1033 | D:2      | Became a worshipper of the Shining One
  1287 | D:3      | Reached skill level 3 in Axes
  1429 | D:3      | Reached XP level 5. HP: 20/33 MP: 5/5
  1888 | D:4      | Noticed an ogre
  1891 | D:4      | Killed an ogre
  1891 | D:4      | Reached XP level 6. HP: 35/39 MP: 6/6
  1931 | D:4      | Got a pair of slimy gloves
  1932 | D:4      | Identified the +2 pair of gloves of the Blessed Realm
                  | {rCorr} (You found it on level 4 of the Dungeon)
  2102 | D:4      | Noticed a phantom
  2127 | D:4      | Reached skill level 4 in Axes
  2147 | D:4      | Killed a phantom
  2147 | D:4      | Reached XP level 7. HP: 17/44 MP: 7/7
  2619 | D:4      | Found Coosk's Magic Scroll Boutique.
  2627 | D:4      | Bought a scroll of blinking for 90 gold pieces
  2627 | D:4      | Bought a scroll of teleportation for 36 gold pieces
  2627 | D:4      | Bought a scroll of remove curse for 36 gold pieces
  2754 | D:4      | Found a sacrificial altar of Ru.
  2788 | D:4      | Reached skill level 5 in Armour
  2890 | D:5      | Entered Level 5 of the Dungeon
  2900 | D:5      | Reached skill level 5 in Fighting
  2900 | D:5      | Reached skill level 5 in Shields
  2918 | D:5      | Reached skill level 5 in Axes
  3027 | D:5      | Reached * piety under the Shining One
  3046 | D:5      | Reached XP level 8. HP: 39/49 MP: 8/8
  3257 | D:5      | Found a runed translucent door.
  3258 | D:5      | Noticed Crazy Yiuf
  3265 | D:5      | Paralysed by Crazy Yiuf for 5 turns
  3270 | D:5      | Killed Crazy Yiuf
  3398 | D:5      | Identified the cursed +3 trident of Devotion {pierce, rElec
                  | rC+ Str+2 Int-2}
  3752 | D:6      | Noticed Edmund
  3767 | D:6      | Killed Edmund
  3767 | D:6      | Reached skill level 6 in Axes
  3836 | D:6      | Found a runed translucent door.
  3861 | D:6      | Found a runed translucent door.
  3880 | D:6      | Noticed RaHiT's ghost (novice DsCK)
  3907 | D:6      | Killed RaHiT's ghost
  3907 | D:6      | Reached skill level 7 in Axes
  3907 | D:6      | Reached XP level 9. HP: 51/56 MP: 9/9
  3940 | D:6      | Found a staircase to the Ecumenical Temple.
  4006 | D:6      | Reached ** piety under the Shining One
  4294 | D:6      | Found a sparkling altar of Nemelex Xobeh.
  4477 | D:7      | Noticed Prince Ribbit
  4480 | D:7      | Found a hide-covered altar of Uskayaw.
  4653 | D:7      | Killed Prince Ribbit
  4685 | D:7      | Reached skill level 8 in Axes
  4713 | D:7      | Reached XP level 10. HP: 63/63 MP: 10/10
  5020 | D:8      | Found a staircase to the Lair.
  5037 | D:8      | Found a shattered altar of Ashenzari.
  5052 | D:8      | Noticed Maurice
  5070 | D:8      | Killed Maurice
  5093 | D:8      | Found Pissoras's Book Shoppe.
  5143 | D:8      | Noticed Grum
  5173 | D:8      | Killed Grum
  5176 | D:8      | Reached skill level 9 in Axes
  5444 | D:8      | Noticed Harold
  5469 | D:8      | Killed Harold
  5481 | D:8      | Found a radiant altar of Vehumet.
  5493 | D:8      | Noticed Joseph
  5509 | D:8      | Splashed by Joseph's acid

Skill      XL: |  1  2  3  4  5  6  7  8  9 10 |
---------------+-------------------------------+-----
Axes           | 2 3 4 5 7 8 9 |  9.3
Fighting       | 4 5 6 7 8 |  8.4
Armour         | 4 5 6 7 8 |  8.4
Shields        | 4 5 6 7 8 |  8.4

Action                   |  1- 3 |  4- 6 |  7- 9 | 10-12 || total
-------------------------+-------+-------+-------+-------++-------
Melee: War axe           |   109 |   193 |   275 |   115 ||   692
  Use: Potion            |       |     1 |       |     5 ||     6
       Scroll            |       |     1 |       |     1 ||     2
  Eat: Chunk             |       |     5 |     9 |     2 ||    16
Armor: Scale mail        |    70 |   133 |    58 |       ||   261
       Chain mail        |       |       |    98 |    41 ||   139
       Plate armour      |       |       |       |    17 ||    17
Dodge: Dodged            |    44 |    74 |    56 |    34 ||   208
Block: Shield            |    75 |   116 |   122 |    73 ||   386
